 Dungeon Crawl Stone Soup version 0.28-a0-769-g550dbda0cd (webtiles) character file.

Game seed: 5180964212728830877

12249 avis the Fighter (level 12, -1/95 HPs)
             Began as a Djinni Ice Elementalist on Oct 31, 2021.
             Was an Elder of Cheibriados.
             Shot with an arrow by a centaur warrior (5 damage)
             ... on level 11 of the Dungeon.
             The game lasted 01:57:57 (16743 turns).

avis the Fighter (Djinni Ice Elementalist)         Turns: 16743, Time: 01:57:58

Health: -1/95      AC: 15    Str: 17    XL:     12   Next: 17%
Gold:   232        EV: 15    Int: 37    God:    Cheibriados [****..] SH:  0 Dex: 25

rFire   + + .      SeeInvis .   b - +7 hunting sling (freeze)
rCold   x . .      Faith    +   (no shield)
rNeg    . . .      Spirit   .   p - +0 troll leather armour
rPois   ∞          Reflect  .   (no helmet)
rElec   .          Harm     .   g - +0 cloak
rCorr   .          Rampage  .   C - +0 pair of gloves
Will    +....                   (boots unavailable)
Stlth   ++........              y - amulet of faith
HPRegen 1.25/turn               H - +6 ring of intelligence
MPRegen 0.00/turn               A - ring of wizardry

@: ice-armoured, flying, very slow
A: sickness immunity, fire resistance 2, cold vulnerability 1, float, innate
caster, hp casting, extra vitality 1
a: Renounce Religion, Bend Time, Temporal Distortion, Slouch


You were on level 11 of the Dungeon.
You worshipped Cheibriados.
Cheibriados was greatly pleased with you.
You visited 2 branches of the dungeon, and saw 12 of its levels.

You collected 556 gold pieces.
You spent 324 gold pieces at shops.

Inventory:

Hand Weapons
 a - a +1 scimitar of flaming
 b - a +7 hunting sling of freezing (weapon)
Missiles
 c - 359 stones (quivered ammo)
 k - 3 silver boomerangs
 t - 31 sling bullets
 x - 24 poisoned darts
 E - 8 boomerangs
 J - 2 throwing nets
 L - a boomerang of dispersal
 R - 51 arrows
Armour
 g - a +0 cloak (worn)
 l - +0 steam dragon scales
 p - a +0 troll leather armour (worn)
 C - a +0 pair of gloves (worn)
Jewellery
 f - a ring of willpower
 y - an amulet of faith (around neck)
 A - a ring of wizardry (right hand)
 H - a +6 ring of intelligence (left hand)
Wands
 m - a wand of flame (28)
 o - a wand of iceblast (3)
 s - a wand of polymorph (17)
 w - a wand of digging (5)
Scrolls
 d - 3 scrolls of fear
 h - a scroll of fog {unknown}
 n - 3 scrolls of magic mapping
 q - 3 scrolls of blinking {unknown}
 u - a scroll of silence {unknown}
 D - a scroll of amnesia {unknown}
 F - 2 scrolls of teleportation
 N - 2 scrolls of holy word {unknown}
 P - a scroll of vulnerability {unknown}
 Q - a scroll of identify
Potions
 e - a potion of might
 j - 2 potions of haste
 r - 2 potions of lignification
 v - a potion of cancellation {unknown}
 z - a potion of flight
 B - a potion of degeneration {unknown}
 G - a potion of magic {unknown}
 I - a potion of attraction {unknown}
 K - 7 potions of curing
 M - 2 potions of brilliance
Miscellaneous
 i - a phantom mirror
 O - a box of beasts


   Skills:
 - Level 12.0 Fighting
 - Level 5.0 Armour
 - Level 5.0 Dodging
 - Level 2.0 Stealth
 - Level 8.0 Spellcasting
 * Level 8.6 Invocations


You had 2 spell levels left.
You knew the following spells:

 Your Spells              Type           Power      Damage    Failure   Level
a - Freeze                Ice            100%       1d11      1%          1
b - Beastly Appendage     Tmut           100%       N/A       1%          1
c - Searing Ray           Conj           100%       2d8       1%          2
d - Vampiric Draining     Necr           32%        2d10      1%          3
o - Ozocubu's Armour      Ice            65%        N/A       1%          3
r - Frozen Ramparts       Ice            100%       1d12      1%          3
s - Hailstorm             Conj/Ice       65%        3d14      1%          4
L - Lee's Rapid Deconstr  Erth           32%        3d18*     1%          5
Y - Swiftness             Air            65%        N/A       1%          3
Your spell library was empty.

Dungeon Overview and Level Annotations

Branches:
Dungeon (11/15)            Temple (1/1) D:5            Lair (0/6) D:11
    Orc: D:9-12

Altars:
Ashenzari
Cheibriados
Dithmenos
Elyvilon
Fedhas
Gozag
Hepliaklqana
Kikubaaqudgha
Makhleb
Nemelex Xobeh
Okawaru
Qazlal
Ru
Sif Muna
Trog
Uskayaw
Vehumet
Wu Jian
Xom
Yredelemnul
Zin
The Shining One

Shops:
D:5 *   D:8 ?   D:9 (   D:11 [

Annotations:
D:10 3 runed translucent doors, karkarkar's ghost, novice TrFi


Innate Abilities, Weirdness & Mutations

You are immune to sickness and miasma.
You are immune to poison.
Your flesh is very heat resistant. (rF++)
You are vulnerable to cold. (rC-)
You float through the air rather than walking.
You learn spells naturally, not from books.
Your magical power is your life essence.
You have superior vitality. (+4 HP)


Message History

You now have 232 gold pieces (gained 18).
R - 28 arrows (gained 15)
You see here a +0 shortbow.
d - 3 scrolls of fear (gained 1)
Found a stone staircase leading down.
R - 51 arrows (gained 23)
Found a chain mail.
A centaur warrior comes into view.
The centaur warrior shouts!
The centaur warrior wields a +0 shortbow.
The centaur warrior shoots an arrow.
The arrow hits you!
The centaur warrior shoots an arrow.
The arrow hits you!!
The centaur warrior shoots an arrow.
The arrow hits you!!
The centaur warrior shoots an arrow.
The arrow closely misses you.
Casting: Searing Ray (safe; 1% risk of failure)
Confirm with . or Enter, or press ? or * to list all spells.
A film of ice covers your body!
The centaur warrior shoots an arrow.
The arrow hits you!
* * * LOW HITPOINT WARNING * * *
Casting: Ozocubu's Armour (safe; 1% risk of failure)
Confirm with . or Enter, or press ? or * to list all spells.
Okay, then.
Okay, then.
You fail to use your ability.
The centaur warrior shoots an arrow.
The arrow misses you.
The centaur warrior shoots an arrow.
The arrow hits you.
* * * LOW HITPOINT WARNING * * *
You can feel time thicken for a moment.
You can no longer step out of the flow of time.
Cheibriados lowers the support of your attributes as your movement quickens.
The centaur warrior shoots an arrow.
The arrow barely misses you.
Fire: 360 stones
Press: ? - help, Q - select action, (/) - cycle Shift-Dir - straight line, f - centaur warrior
Aim: a centaur warrior, wielding a +0 shortbow and quivering arrows (severely wounded, 79% to hit)
You shoot a stone. The stone hits the centaur warrior!
The stone freezes the centaur warrior.
The centaur warrior is almost dead.
The centaur warrior shoots an arrow.
The arrow hits you!
* * * LOW HITPOINT WARNING * * *
The centaur warrior shoots an arrow.
The arrow hits you.
You die...

....................#
..................#
........########
........# ........#
........#
........########
...............#
........@......#
........########
........# .c....[.#
........# .........
......... #..####..


You could see a centaur warrior.

Vanquished Creatures
  Erica (D:9)
  Erolcha (D:10)
  5 two-headed ogres (D:10)
  A cyclops (D:11)
  A gargoyle (D:11)
  Maggie (D:6)
  4 trolls
  A hornet (D:11)
  A wyvern (D:10)
  6 yaks
  A steam dragon (D:8)
  4 orc warriors
  3 sky beasts
  An ice beast (D:5)
  4 black bears (D:6)
  3 ogres
  2 centaurs
  A phantom (D:6)
  A kobold brigand (D:10)
  4 bullfrogs
  A wyvern zombie (D:7)
  2 scorpions
  15 killer bees
  14 wights (D:8)
  A hound (D:6)
  A jelly (D:7)
  4 centaur zombies
  8 orc priests
  Crazy Yiuf (D:6)
  2 gnoll shamans
  3 bullfrog skeletons
  Terence (D:2)
  2 centaur skeletons
  4 orc wizards
  5 iguanas (D:5)
  A killer bee zombie (D:6)
  A hound skeleton (D:4)
  A howler monkey zombie (D:9)
  21 gnolls
  9 adders
  A worm (D:2)
  2 dart slugs
  24 orcs
  4 bats
  4 endoplasms
  3 giant cockroaches
  2 goblins
  4 hobgoblins
  10 jackals
  12 kobolds
  6 quokkas
  7 ball pythons
  2 frilled lizards (D:1)
  8 rats
232 creatures vanquished.

Vanquished Creatures (others)
  2 fungi
  A plant (D:1)
3 creatures vanquished.

Grand Total: 235 creatures vanquished

Notes
Turn   | Place    | Note
-------+----------+-------------------------------------------
     0 | D:1      | avis the Djinni Ice Elementalist began the quest for the
                  | Orb.
     0 | D:1      | Reached XP level 1. HP: 15/15 MP: 0/0
   292 | D:1      | Reached XP level 2. HP: 20/21 MP: 0/0
   665 | D:1      | Reached XP level 3. HP: 24/25 MP: 0/0
   665 | D:1      | Learned a level 1 spell: Beastly Appendage
   997 | D:1      | Found a faded altar of an unknown god.
  1488 | D:2      | Noticed Terence
  1797 | D:2      | Reached XP level 4. HP: 30/31 MP: 0/0
  2003 | D:2      | Killed Terence
  2572 | D:3      | Reached XP level 5. HP: 30/35 MP: 0/0
  2572 | D:3      | Learned a level 2 spell: Searing Ray
  3308 | D:3      | Reached skill level 5 in Spellcasting
  3382 | D:3      | Found a snail-covered altar of Cheibriados.
  3720 | D:3      | Reached skill level 1 in Fighting
  3877 | D:4      | Reached skill level 2 in Fighting
  3877 | D:4      | Reached XP level 6. HP: 37/45 MP: 0/0
  3929 | D:4      | Noticed an ogre
  3936 | D:3      | Killed an ogre
  3937 | D:3      | Reached skill level 3 in Fighting
  4584 | D:4      | Reached XP level 7. HP: 39/50 MP: 0/0
  4584 | D:4      | Learned a level 3 spell: Vampiric Draining
  4932 | D:4      | Reached skill level 4 in Fighting
  5119 | D:5      | Entered Level 5 of the Dungeon
  5278 | D:5      | Found Igikelep's Mayhem Merchandise.
  5438 | D:5      | Found a staircase to the Ecumenical Temple.
  5456 | D:5      | Reached skill level 5 in Fighting
  5470 | Temple   | Entered the Ecumenical Temple
  6000 | D:5      | HP: 2/54 [ogre (15)]
  6066 | D:3      | Became a worshipper of Cheibriados the Contemplative
  6352 | D:5      | Reached XP level 8. HP: 27/59 MP: 0/0
  6861 | D:5      | Reached skill level 6 in Fighting
  7885 | D:6      | Reached XP level 9. HP: 52/66 MP: 0/0
  7885 | D:6      | Learned a level 3 spell: Swiftness
  8096 | D:6      | Noticed Maggie
  8108 | D:6      | Killed Maggie
  8109 | D:6      | Reached skill level 7 in Fighting
  8337 | D:6      | Found a runed translucent door.
  8338 | D:6      | Noticed Crazy Yiuf
  8344 | D:6      | Killed Crazy Yiuf
  8345 | D:6      | Reached skill level 5 in Dodging
  8514 | D:6      | Reached * piety under Cheibriados
  8515 | D:6      | Reached skill level 1 in Armour
  8868 | D:6      | Upgraded the game from 0.28-a0-751-gef3a642a4e to
                  | 0.28-a0-769-g550dbda0cd
  9843 | D:7      | Reached skill level 8 in Fighting
  9870 | D:7      | Found a glowing silver altar of Zin.
  9903 | D:7      | Reached skill level 1 in Invocations
  9942 | D:7      | Found a bloodstained altar of Trog.
 10804 | D:7      | Reached XP level 10. HP: 38/76 MP: 0/0
 10974 | D:8      | Reached ** piety under Cheibriados
 11093 | D:8      | Found Dailloqy's Magic Scroll Emporium.
 11207 | D:8      | Bought a scroll of brand weapon for 220 gold pieces
 11207 | D:8      | Bought a scroll of identify for 22 gold pieces
 11207 | D:8      | Bought a scroll of enchant weapon for 82 gold pieces
 11247 | D:8      | Found a basalt altar of Yredelemnul.
 11275 | D:8      | Reached skill level 5 in Invocations
 11678 | D:8      | Reached *** piety under Cheibriados
 11680 | D:8      | Reached skill level 5 in Armour
 12214 | D:8      | Identified the +1 scale mail of the Northern Lights {rPois
                  | Dex+4}
 12248 | D:8      | Noticed a gargoyle
 12755 | D:9      | Found Ydouh's Weapon Emporium.
 13046 | D:9      | Noticed Erica
 13055 | D:9      | Killed Erica
 13056 | D:9      | Reached skill level 9 in Fighting
 13347 | D:9      | Reached XP level 11. HP: 77/84 MP: 0/0
 13347 | D:9      | Learned a level 5 spell: Lee's Rapid Deconstruction
 13428 | D:9      | Reached **** piety under Cheibriados
 13641 | D:9      | Identified the +1 robe "Apnouv" {Rampage rC+ rCorr}
 13806 | D:9      | Reached skill level 10 in Fighting
 14400 | D:10     | Entered Level 10 of the Dungeon
 14427 | D:10     | Noticed a two-headed ogre
 14428 | D:10     | Noticed Erolcha
 14434 | D:10     | Killed a two-headed ogre
 14435 | D:10     | Killed Erolcha
 14436 | D:10     | Reached skill level 11 in Fighting
 14901 | D:10     | Noticed a two-headed ogre
 14911 | D:10     | Killed a two-headed ogre
 15121 | D:10     | Found a runed translucent gate.
 15123 | D:10     | Found a runed translucent gate.
 15123 | D:10     | Found an opulent altar of Gozag.
 15127 | D:10     | Found a runed translucent gate.
 15127 | D:10     | Noticed karkarkar's ghost (novice TrFi)
 15128 | D:10     | Noticed a cyclops
 15310 | D:10     | Noticed a two-headed ogre
 15317 | D:10     | Killed a two-headed ogre
 15318 | D:10     | Reached skill level 12 in Fighting
 15663 | D:10     | Noticed an eight-headed hydra
 15735 | D:11     | Noticed a two-headed ogre
 15901 | D:10     | Killed a two-headed ogre
 16051 | D:11     | Reached ***** piety under Cheibriados
 16109 | D:11     | Noticed a two-headed ogre
 16125 | D:10     | Killed a two-headed ogre
 16126 | D:10     | Reached XP level 12. HP: 71/95 MP: 0/0
 16228 | D:10     | Noticed a goliath frog
 16514 | D:11     | Found Fihoatant's Armour Boutique.
 16661 | D:11     | Found a staircase to the Lair.
 16734 | D:11     | Noticed a centaur warrior
 16743 | D:11     | HP: 4/95 [centaur warrior/arrow (16)]
 16743 | D:11     | Shot with an arrow by a centaur warrior

Illustrated notes

Levels and vault maps discovered:
D:1:      sevenhm_arrival_forest_fort_large_4, layout_basic,
          shapermc_ecumenical_altar_petra, grunt_decor_junction
D:2:      layout_rooms, uniq_terence
D:3:      layout_basic, cheibriados_altar_1
D:4:      layout_cave_pools, sigmund_army
D:5:      layout_gridville, minmay_temple_entry_crystal_x, minmay_shop_mayhem,
          corner_web_ring, minmay_diced_spiral
D:6:      layout_cave_pods, uniq_maggie, uniq_crazy_yiuf_cottage
D:7:      layout_basic, mainiacjoe_overflow_two_lobes, serial_corexii_hall,
          chequers_hall_statues_corner_a, corexii_hall_statues_x,
          amethyst_killhole
D:8:      layout_rooms, mainiacjoe_overflow_alcove_4, serial_shops, shop_statue,
          lightli_corner_chamber
D:9:      layout_long_grid, serial_shops, nicolae_stop_n_shop_1, uniq_erica
D:10:     layout_loops_ring, ebering_ghost_gozag, uniq_erolcha
D:11:     layout_small_grid, david_lair_shrubbed, serial_shops,
          nicolae_shop_stone, hangedman_decor_diamond_cutter
Temple:   eino_narrow_crystal_temple

Skill      XL: |  1  2  3  4  5  6  7  8  9 10 11 12 |
---------------+-------------------------------------+-----
Spellcasting   | 4 5 7 8 |  8.0
Fighting       | 2 3 5 6 8 9 12 | 12.0
Stealth        | 2 |  2.0
Dodging        | 3 5 |  5.0
Armour         | 2 5 |  5.0
Invocations    | 3 5 7 8 |  8.6

Action                   |  1- 3 |  4- 6 |  7- 9 | 10-12 || total
-------------------------+-------+-------+-------+-------++-------
Melee: Dagger            |    16 |       |       |       ||    16
       Flail             |       |     1 |    16 |     8 ||    25
       Halberd           |       |       |     3 |    13 ||    16
       Scimitar          |       |       |       |     9 ||     9
 Fire: Hunting sling     |       |     5 |    17 |    46 ||    68
 Cast: Freeze            |    43 |    31 |    35 |    40 ||   149
       Frozen Ramparts   |       |     7 |    22 |    31 ||    60
       Ozocubu's Armour  |       |     7 |    35 |    41 ||    83
       Searing Ray       |       |    24 |    23 |     4 ||    51
       Hailstorm         |       |       |    25 |    63 ||    88
       Beastly Appendage |       |       |     2 |       ||     2
Invok: Slouch            |       |       |       |     1 ||     1
  Use: Scroll            |       |     1 |     6 |     8 ||    15
 Stab: Sleeping          |     6 |       |       |       ||     6
Armor: Robe              |     5 |       |       |       ||     5
       Leather armour    |     4 |    14 |    22 |       ||    40
       Steam dragon scal |       |       |    27 |    61 ||    88
       Troll leather arm |       |       |       |    15 ||    15
Dodge: Dodged            |    16 |    39 |    67 |   161 ||   283

Table legend: (Time is in decaauts)
 A = Elapsed time spent in this place.
 B = Non-inter-level travel time spent in this place.
 C = Inter-level travel time spent in this place.
 D = Time resting spent in this place.
 E = Time spent auto-exploring this place.
 F = Levels seen in this place.
 G = Mean time per level.
                   A        B        C        D        E       F      G
               +--------+--------+--------+--------+--------+-----+--------+
         Total |  19818 |  16992 |   2826 |   6470 |   7602 |  12 | 1651.5 |
       Dungeon |  19209 |  16405 |   2804 |   6426 |   7147 |  11 | 1746.3 |
        Temple |    609 |    587 |     22 |     44 |    455 |   1 |  609.0 |
               +--------+--------+--------+--------+--------+-----+--------+

Top non-repeatable levels by time:
     D:7: 2605 daAuts
    D:10: 2468 daAuts
     D:5: 2202 daAuts
     D:3: 2173 daAuts
     D:8: 2069 daAuts
     D:6: 1749 daAuts
     D:9: 1616 daAuts
     D:1: 1460 daAuts
     D:2: 1042 daAuts
     D:4: 1027 daAuts
    D:11: 793 daAuts
  Temple: 609 daAuts
